 Dungeon Crawl Stone Soup version 0.20-a0-876-g2c7b0bf (webtiles) character file.

49142 Firecrotchwizard the Severer (level 14, -14/129 HPs)
             Began as a Minotaur Berserker on Mar 15, 2017.
             Was a High Priest of Trog.
             Drowned by a drowned soul (16 damage)
             ... summoned by a merfolk avatar
             ... on level 6 of the Lair of Beasts.
             The game lasted 00:44:40 (20131 turns).

Firecrotchwizard the Severer (Minotaur Berserker)  Turns: 20131, Time: 00:44:40

Health: -14/129    AC: 19    Str: 27    XL:     14   Next: 14%
Magic:  13/13      EV: 14    Int:  4    God:    Trog [*****.]
Gold:   781        SH:  3    Dex: 14    Spells: 13/13 levels left

rFire    . . .     SeeInvis .   r - +2 war axe (curse)
rCold    . . .     Gourm    .   E - +0 plate armour
rNeg     . . .     Faith    .   (no shield)
rPois    +         Spirit   .   (helmet restricted)
rElec    .         Reflect  +   H - +2 cloak
rCorr    .         Harm     .   (no gloves)
MR       +....                  (no boots)
Stlth    ..........             G - +3 amulet of reflection
Regen    0.4/turn               y - ring of poison resistance
MPRegen  0.2/turn               w - +4 ring of strength

@: mesmerised, very slightly contaminated, hasted, slow
A: retaliatory headbutt, horns 2
a: Berserk, Trog's Hand, Brothers in Arms, Burn Spellbooks, Renounce Religion


You were on level 6 of the Lair of Beasts.
You worshipped Trog.
Trog was extremely pleased with you.
You were not hungry.

You visited 3 branches of the dungeon, and saw 17 of its levels.

You collected 781 gold pieces.

Inventory:

Hand Weapons
 a - a +0 hand axe
 r - a cursed +2 war axe (weapon)
 t - a +1 war axe
 O - a cursed +0 battleaxe
Missiles
 P - 15 javelins (quivered)
 Z - 8 steel javelins
Armour
 b - a +0 animal skin
 d - a +0 ring mail
 o - a +1 ring mail
 A - a +0 chain mail
 E - a +0 plate armour (worn)
 H - a +2 cloak (worn)
Jewellery
 w - a +4 ring of strength (left hand)
 y - a ring of poison resistance (right hand)
 G - a +3 amulet of reflection (around neck)
 L - an uncursed ring of wizardry
 T - an uncursed ring of protection from magic
 X - an uncursed ring of ice
Wands
 j - a wand of iceblast (6/15)
 J - a wand of iceblast (10/15)
 K - a wand of random effects (24/48)
 N - a wand of lightning (8/15)
 Q - a wand of random effects (21/48)
 S - a wand of iceblast (12/15)
 U - a wand of paralysis (18/24)
 V - a wand of enslavement (14/24)
Scrolls
 h - a scroll of fog
 i - 2 scrolls of magic mapping
 q - 6 scrolls of enchant armour
 s - 5 scrolls of remove curse
 u - 8 scrolls of teleportation
 v - 2 scrolls of blinking
 C - 2 scrolls of amnesia
 M - 3 scrolls of enchant weapon
 W - a scroll of fear
Potions
 e - a potion of resistance {unknown}
 k - 2 potions of magic
 l - a potion of might {unknown}
 m - 3 potions of lignification
 n - 2 potions of haste
 p - 2 potions of agility
 z - a potion of heal wounds {unknown}
 B - a potion of mutation {unknown}
 F - 2 potions of degeneration {unknown}
 I - 4 potions of flight
 R - a potion of brilliance {unknown}
 Y - a potion of ambrosia {unknown}
Comestibles
 c - 14 bread rations
 g - 8 meat rations


   Skills:
 + Level 13.3 Fighting
 * Level 17.6 Axes
 + Level 5.4 Throwing
 + Level 13.1 Armour
 + Level 11.7 Dodging


You had 13 spell levels left.
You didn't know any spells.

Dungeon Overview and Level Annotations

Branches:
Dungeon (10/15)            Temple (1/1) D:7            Lair (6/6) D:8
  Swamp (0/4) Lair:3        Snake (0/4) Lair:2        Slime (0/5) Lair:6
    Orc: D:9-12

Altars:
Ashenzari
Cheibriados
Dithmenos
Elyvilon
Fedhas
Gozag
Hepliaklqana
Kikubaaqudgha
Makhleb
Nemelex Xobeh
Okawaru
Qazlal
Ru
Sif Muna
Trog
Uskayaw
Vehumet
Wu Jian
Xom
Yredelemnul
Zin
The Shining One
Jiyva

Shops:
D:6 ?

Annotations:
D:3 exclusion: goblin
D:4 Pikel


Innate Abilities, Weirdness & Mutations

You reflexively headbutt those who attack you in melee.
You have a pair of horns on your head.


Message History

The drowned soul touches you. The drowned soul drowns you!
* * * LOW HITPOINT WARNING * * *
The merfolk avatar chants its luring song.
You feel yourself speed up. The drowned soul touches you.
The drowned soul drowns you!
* * * LOW HITPOINT WARNING * * *
The merfolk avatar chants its luring song.
You are very lightly contaminated with residual magic.
You feel better.
Okay, then.
Your unstable footing causes you to fumble your attack.
The drowned soul touches you. The drowned soul drowns you!
* * * LOW HITPOINT WARNING * * *
You hit the merfolk avatar.
The merfolk avatar is heavily wounded.
You miss the drowned soul.
The merfolk avatar chants its luring song.
Your unstable footing causes you to fumble your attack.
The drowned soul touches you. The drowned soul drowns you!
You die...

# #≈.≈≈≈≈#≈≈≈P≈≈≈≈≈≈≈8#≈≈≈≈≈... #
##≈≈≈≈≈#####≈≈≈≈#####≈≈≈≈≈.D.
######≈.#≈≈#8≈≈≈≈≈≈≈≈≈≈8#P†##.Y.k
#...#≈.##≈≈#≈≈≈≈≈≈≈≈≈≈≈≈#≈≈§#.Y.#
#.....≈≈≈≈≈#≈≈≈≈≈≈≈≈≈≈≈≈#≈≈hD.P..
.......≈≈≈≈.≈#≈≈$[[%≈≈≈≈#≈≈m≈.÷..
..P....##≈#.≈≈≈≈$≈≈=≈≈#≈Y≈≈#.≈...
#.##..≈##≈#.≈≈≈≈}m≈%P≈≈≈#≈≈#.≈≈..
####...≈≈≈≈.≈#≈≈@?[)≈≈#≈.≈P≈≈≈P.#
# #..P≈≈≈≈#≈≈≈≈≈≈≈≈≈≈≈≈#≈≈≈≈≈P##
#...##≈≈#P≈≈≈≈≈≈≈≈≈≈≈#≈≈##≈##
#...##≈≈#8≈≈≈≈≈≈≈≈≈≈.#≈≈ #..
#P..≈≈≈≈##############≈ ≈... #
##.PP≈≈≈# ≈≈≈≈≈≈P8 ≈≈≈... ##
##...≈≈# ≈≈≈≈≈≈≈P≈≈≈#≈≈. .... ..
#≈##≈≈# ≈≈≈≈≈≈P≈≈≈≈ ≈≈##.... ..
≈≈ ##≈≈≈.≈≈.≈≈≈##≈≈≈≈.#.#


You could see a merfolk avatar.

Vanquished Creatures
  5 hydras
  3 two-headed ogres
  7 death yaks
  A slime creature (D:10)
  The ghost of Vash the Cleaver, a novice MfMo (D:7)
  An unseen horror (D:10)
  An oklob plant (Lair:6)
  A black mamba (Lair:6)
  Maurice (D:8)
  8 elephants
  A centaur zombie (D:10)
  A torpor snail (Lair:4)
  12 spiny frogs
  2 rime drakes
  16 komodo dragons
  4 polar bears (Lair:6)
  Prince Ribbit (Lair:3)
  21 blink frogs
  6 hippogriffs
  51 yaks
  6 basilisks
  4 wyverns
  A hungry ghost (D:10)
  3 nagas (Lair:2)
  13 water moccasins
  7 porcupines
  A sky beast (D:7)
  Purgy (D:4)
  5 black bears
  4 orc warriors
  11 wolves
  5 ogres
  3 phantoms
  7 centaurs
  15 crocodiles
  A big kobold (D:8)
  13 bullfrogs
  3 scorpions
  4 killer bees (D:10)
  8 wights
  3 howler monkeys
  An electric eel (D:10)
  3 crimson imps (D:8)
  A bullfrog skeleton (D:8)
  4 hounds
  2 jellies (D:7)
  4 orc priests
  9 orc wizards
  Jessica (D:2)
  3 iguanas
  7 worker ants
  2 killer bee zombies
  A hound zombie (D:10)
  A hound skeleton (D:5)
  A worker ant zombie (D:8)
  3 gnolls (D:2)
  15 adders
  A shadow imp (D:6)
  2 adder skeletons
  2 dart slugs
  8 leopard geckos
  36 orcs
  7 giant cockroaches
  14 goblins
  10 hobgoblins
  10 jackals
  12 kobolds
  5 quokkas
  2 ball pythons
  8 bats
  6 frilled lizards
  14 rats
  8 fungi
465 creatures vanquished.

Vanquished Creatures (collateral kills)
  4 hydras
  A bullfrog (Lair:4)
  2 butterflies (Lair:4)
7 creatures vanquished.

Vanquished Creatures (others)
  A bush (Lair:6)
  23 fungi
  18 plants
42 creatures vanquished.

Grand Total: 514 creatures vanquished

Notes
Turn   | Place    | Note
-------+----------+-------------------------------------------
     0 | D:1      | Firecrotchwizard the Minotaur Berserker began the quest for the Orb.
     0 | D:1      | Reached XP level 1. HP: 19/19 MP: 0/0
   165 | D:1      | Reached XP level 2. HP: 22/27 MP: 1/1
   280 | D:1      | Reached skill level 4 in Axes
   725 | D:2      | Reached XP level 3. HP: 19/33 MP: 2/2
   986 | D:2      | Reached ** piety under Trog
  1224 | D:2      | Reached XP level 4. HP: 36/40 MP: 3/3
  1336 | D:2      | Noticed Jessica
  1356 | D:2      | Killed Jessica
  1356 | D:2      | Reached skill level 5 in Axes
  1369 | D:2      | Reached XP level 5. HP: 12/47 MP: 4/4
  2056 | D:3      | Reached *** piety under Trog
  2432 | D:3      | Found a faded altar of an unknown god.
  2802 | D:4      | Reached skill level 5 in Fighting
  2802 | D:4      | Reached XP level 6. HP: 52/56 MP: 5/5
  2897 | D:4      | Noticed a slave
  2897 | D:4      | Noticed a slave
  2898 | D:4      | Noticed a slave
  2899 | D:4      | Noticed Pikel
  3039 | D:4      | Reached skill level 6 in Axes
  3213 | D:4      | Noticed Purgy
  3223 | D:4      | Killed Purgy
  3223 | D:4      | Reached skill level 5 in Armour
  3223 | D:4      | Reached XP level 7. HP: 54/61 MP: 6/6
  3345 | D:4      | Reached skill level 7 in Axes
  3900 | D:5      | Entered Level 5 of the Dungeon
  3945 | D:5      | Found a burning altar of Makhleb.
  3947 | D:5      | Found an ancient bone altar of Kikubaaqudgha.
  4108 | D:5      | Reached **** piety under Trog
  4130 | D:5      | Found a radiant altar of Vehumet.
  4171 | D:5      | Reached skill level 8 in Axes
  4171 | D:5      | Reached XP level 8. HP: 60/70 MP: 7/7
  4398 | D:5      | Found a sacrificial altar of Ru.
  4573 | D:5      | Reached skill level 5 in Dodging
  4667 | D:6      | Found Jeobyijalu's Magic Scroll Boutique.
  4716 | D:6      | Reached skill level 9 in Axes
  5065 | D:6      | Found a shattered altar of Ashenzari.
  5310 | D:7      | Found a staircase to the Ecumenical Temple.
  5325 | Temple   | Entered the Ecumenical Temple
  5834 | D:7      | Noticed Vash's ghost (novice MfMo)
  5893 | D:7      | Killed Vash's ghost
  5893 | D:7      | Reached skill level 10 in Axes
  5893 | D:7      | Reached XP level 9. HP: 41/80 MP: 8/8
  6765 | D:8      | Noticed Maurice
  6787 | D:8      | Killed Maurice
  6787 | D:8      | Reached skill level 11 in Axes
  7001 | D:8      | Noticed a two-headed ogre
  7013 | D:8      | Killed a two-headed ogre
  7013 | D:8      | Reached XP level 10. HP: 43/90 MP: 9/9
  7080 | D:8      | Noticed a two-headed ogre
  7259 | D:8      | Reached ***** piety under Trog
  7264 | D:8      | Received a gift from Trog
  7708 | D:8      | Found a staircase to the Lair.
  7755 | D:8      | Killed a two-headed ogre
  7755 | D:8      | Reached skill level 12 in Axes
  8216 | D:9      | Noticed a two-headed ogre
  8226 | D:9      | Killed a two-headed ogre
  8704 | D:10     | Entered Level 10 of the Dungeon
  8967 | D:10     | Reached XP level 11. HP: 96/99 MP: 10/10
  9018 | D:10     | Reached skill level 13 in Axes
  9028 | D:10     | Reached skill level 10 in Fighting
  9131 | D:10     | Found a snail-covered altar of Cheibriados.
  9135 | D:10     | Received a gift from Trog
  9612 | D:10     | Killed an unseen horror
 10159 | Lair:1   | Entered Level 1 of the Lair of Beasts
 10269 | Lair:1   | Reached skill level 10 in Armour
 10471 | Lair:1   | Noticed an eight-headed hydra
 10477 | Lair:1   | Killed an eight-headed hydra
 10573 | Lair:1   | Reached skill level 14 in Axes
 11735 | Lair:2   | Noticed a four-headed hydra
 11741 | Lair:2   | Killed a six-headed hydra
 11741 | Lair:2   | Reached XP level 12. HP: 109/110 MP: 11/11
 11885 | Lair:2   | Reached skill level 15 in Axes
 12310 | Lair:2   | Reached skill level 10 in Dodging
 12387 | Lair:2   | Found a staircase to the Snake Pit.
 12647 | Lair:2   | Noticed a five-headed hydra
 12654 | Lair:2   | Killed a seven-headed hydra
 13337 | Lair:2   | Reached skill level 1 in Throwing
 13451 | Lair:3   | Noticed a death yak
 13452 | Lair:3   | Found a staircase to the Swamp.
 13470 | Lair:3   | Killed a death yak
 13598 | Lair:3   | Noticed a death yak
 13598 | Lair:3   | Noticed a death yak
 13615 | Lair:3   | Killed a death yak
 13617 | Lair:3   | Killed a death yak
 14196 | Lair:3   | Reached skill level 16 in Axes
 14216 | Lair:3   | Reached XP level 13. HP: 74/118 MP: 12/12
 14311 | Lair:3   | Noticed Prince Ribbit
 14577 | Lair:3   | Killed Prince Ribbit
 15327 | Lair:4   | Found a runed door.
 17851 | Lair:5   | Reached skill level 17 in Axes
 18299 | Lair:6   | Entered Level 6 of the Lair of Beasts
 18455 | Lair:6   | Found a staircase to the Slime Pits.
 18455 | Lair:6   | Found a viscous altar of Jiyva.
 19125 | Lair:6   | Reached skill level 5 in Throwing
 19259 | Lair:6   | Reached XP level 14. HP: 118/129 MP: 13/13
 19436 | Lair:6   | Received a gift from Trog
 20127 | Lair:6   | HP: 4/129 [drowned by a drowned soul[a merfolk avatar] (9)]
 20129 | Lair:6   | HP: 1/129 [drowned by a drowned soul[a merfolk avatar] (9)]
 20131 | Lair:6   | Drowned by a drowned soul

Vault maps used:
D:1:      dpeg_arrival_short_road
D:2:      minmay_liquid_box, grunt_ministairs_10, hangedman_decor_slide_cut,
          kennysheep_boxes, uniq_jessica
D:3:      chequers_ecumenical_altar_grove, minmay_goblin_outpost
D:4:      uniq_pikel, uniq_purgy
D:5:      nicolae_overflow_hidden_temple, basic_altar, first_bread
D:6:      ashenzari_conservatory_becter, serial_shops, shop_scrolls
D:7:      minmay_temple_entry_purple_smoke
D:8:      grunt_lair_entry_orc_guard_hut, kennysheep_generic_room_7,
          uniq_maurice
D:10:     basic_altar
Temple:   hc_temple_tempest_star
Lair:1:   grunt_megastairs_3
Lair:2:   minmay_snake_entry_guardpost_small
Lair:3:   swamp_mist_pool, uniq_prince_ribbit2
Lair:4:   pf_torpor_hydra, wad_woods_river_01, lemuel_fruit_fields
Lair:5:   lightli_volcano_entry_magma_tube
Lair:6:   gammafunk_lair_ancient_temple, slime_altar_1, lab_entry_generic

Skill      XL: |  1  2  3  4  5  6  7  8  9 10 11 12 13 14 |
---------------+-------------------------------------------+-----
Armour         | 3 4 5 7 8 9 10 11 12 13 | 13.1
Axes           | 4 5 6 8 10 11 12 14 16 17 | 17.6
Fighting       | 4 5 6 7 8 9 11 12 13 | 13.3
Dodging        | 3 4 6 7 8 9 10 11 | 11.7
Throwing       | 2 5 |  5.4

Action                   |  1- 3 |  4- 6 |  7- 9 | 10-12 | 13-15 || total
-------------------------+-------+-------+-------+-------+-------++-------
Melee: Hand axe          |    91 |    53 |       |       |       ||   144
       Headbutt          |    11 |    20 |    43 |   158 |   132 ||   364
       War axe           |       |   108 |   208 |   569 |   446 ||  1331
Throw: Javelin           |       |       |       |       |    19 ||    19
Invok: Berserk           |       |     1 |       |     4 |     3 ||     8
       Trog's Hand       |       |     1 |     1 |     2 |       ||     4
       Burn Spellbooks   |       |       |     1 |       |     2 ||     3
       Brothers in Arms  |       |       |       |     4 |     4 ||     8
  Use: Scroll            |       |       |    10 |     7 |     8 ||    25
       Potion            |       |       |     1 |     1 |     4 ||     6
  Eat: Chunk             |     1 |     8 |    13 |    26 |     9 ||    57
       Fruit             |       |       |       |     3 |       ||     3
       Royal jelly       |       |       |       |     1 |     7 ||     8
Armor: Ring mail         |    37 |    50 |    15 |       |       ||   102
       Chain mail        |       |       |    23 |       |       ||    23
       Plate armour      |       |       |    46 |   227 |   256 ||   529
Dodge: Dodged            |    62 |    97 |   123 |   255 |   268 ||   805
Block: Other             |       |       |    10 |    47 |    47 ||   104
       Reflection        |       |       |     1 |       |       ||     1
